MLB
PHILADELPHIA PHILLIES @ OAKLAND ATHLETICS
08/29/2026
 
TOP OF THE 1ST
Philadelphia Phillies batting - Pitching for Oakland Athletics : LHP Kyle Ryan
Pitching: LHP Kyle Ryan
Batting: SHB Jose Colina 0-0: Ball
1-0: Swinging Strike
1-1: Ball
2-1: Foul Ball, location: 25F
2-2: Ball
3-2: Foul Ball, location: 3FF
3-2: Foul Ball, location: 2F
3-2: Foul Ball, location: 2LF
3-2: Strikes out swinging
Batting: SHB Jose Patino 0-0: Called Strike
0-1: Foul Ball, location: 9LSF
0-2: Ground out 6-3 (Groundball, 6S, EV 53 MPH)
Batting: RHB Maikel Franco 0-0: Ball
1-0: Ball
2-0: Ground out 3-1 (Groundball, 34S, EV 91 MPH)
Top of the 1st over - 0 runs, 0 hits, 0 errors, 0 left on base; Philadelphia 0 - Oakland 0
BOTTOM OF THE 1ST
Oakland Athletics batting - Pitching for Philadelphia Phillies : LHP Kevin Weber
Pitching: LHP Kevin Weber
Batting: RHB Jeremy Austin 0-0: Fly out, F9 (Line Drive, 89D, EV 76 MPH)
Batting: RHB Chris Moody 0-0: Foul Ball, location: 9LSF
0-1: Foul Ball, location: 2F
0-2: Ball
1-2: Ball
2-2: Fly out, F6 (Line Drive, 6, EV 58 MPH)
Batting: RHB Ricardo A. Rodriguez 0-0: SINGLE (Groundball, 34D, EV 84 MPH)
Batting: RHB Walter Rasquin 0-0: Foul Ball, location: 7LDF
0-1: Ball
1-1: Foul Ball, location: 5FF
1-2: Fly out, F8 (Flyball, 8LM, EV 84 MPH)
Bottom of the 1st over - 0 runs, 1 hit, 0 errors, 1 left on base; Philadelphia 0 - Oakland 0
TOP OF THE 2ND
Philadelphia Phillies batting - Pitching for Oakland Athletics : LHP Kyle Ryan
Batting: RHB Ryan McBroom 0-0: Foul Ball, location: 5SF
0-1: Called Strike
0-2: Ball
1-2: Ground out 4-3 (Groundball, 4S, EV 90 MPH)
Batting: RHB Michael Garnier 0-0: Called Strike
0-1: Ball
1-1: Ball
2-1: Ball
3-1: Fly out, F9 (Flyball, 89D, EV 108 MPH)
Batting: LHB Jonas Lantigua 0-0: Called Strike
0-1: Swinging Strike
0-2: Ball
1-2: Foul Ball, location: 7LDF
1-2: Ground out 1-3 (Groundball, 15S, EV 78 MPH)
Top of the 2nd over - 0 runs, 0 hits, 0 errors, 0 left on base; Philadelphia 0 - Oakland 0
BOTTOM OF THE 2ND
Oakland Athletics batting - Pitching for Philadelphia Phillies : LHP Kevin Weber
Batting: RHB Gilbert Lara 0-0: Called Strike
0-1: Ball
1-1: Foul Ball, location: 25F
1-2: Ball
2-2: Ground out 4-3 (Groundball, 4MD, EV 114 MPH)
Batting: RHB Ramon Beltre 0-0: Ball
1-0: Ball
2-0: Ball
3-0: Base on Balls
Batting: SHB Arquimedes Gamboa 0-0: SINGLE (Line Drive, 89S, EV 87 MPH)
Ramon Beltre to second
Runner from 2nd tries for 3rd, SAFE, throw by RF made to third
Batting: RHB Phil Walker 0-0: Called Strike
0-1: Foul Ball, location: 9LMF
0-2: DOUBLE (Line Drive, 8LXD, EV 90 MPH)
Ramon Beltre scores
Arquimedes Gamboa to third
Runner from 3rd tries for Home, SAFE, no throw by CF
Batting: RHB Artie Breslin 0-0: Called Strike
0-1: Swinging Strike
0-2: Fly out, F7 (Flyball, 7, EV 71 MPH)
Batting: RHB Jeremy Austin 0-0: Called Strike
0-1: SINGLE (Groundball, 56, EV 94 MPH)
Phil Walker to third
Throwing error, E7
Phil Walker scores
Jeremy Austin to second
Batting: RHB Chris Moody 0-0: Ball
1-0: Foul Ball, location: 3SF
1-1: Ball
2-1: DOUBLE (Line Drive, 89XD, EV 96 MPH)
Jeremy Austin scores
Batting: RHB Ricardo A. Rodriguez 0-0: Fly out, F3 (Popup, 3S, EV 49 MPH)
Bottom of the 2nd over - 4 runs, 4 hits, 1 error, 1 left on base; Philadelphia 0 - Oakland 4
TOP OF THE 3RD
Philadelphia Phillies batting - Pitching for Oakland Athletics : LHP Kyle Ryan
Batting: RHB Jose Altuve 0-0: Fly out, F3 (Popup, 3S, EV 54 MPH)
Batting: RHB Brandon Diaz 0-0: Called Strike
0-1: Fly out, F7 (Line Drive, 7, EV 85 MPH)
Batting: LHB Ernesto Almirón 0-0: Called Strike
0-1: SINGLE (Popup, 5D, EV 53 MPH)
Batting: SHB Jose Colina 0-0: Ball
1-0: Called Strike
1-1: Ball
2-1: Foul Ball, location: 25FF
2-2: Hit by Pitch
Ernesto Almirón to second
Batting: SHB Jose Patino 0-0: Ball
1-0: Ground out 2-3 (Groundball, 2R, EV 60 MPH)
Top of the 3rd over - 0 runs, 1 hit, 0 errors, 2 left on base; Philadelphia 0 - Oakland 4
BOTTOM OF THE 3RD
Oakland Athletics batting - Pitching for Philadelphia Phillies : LHP Kevin Weber
Batting: RHB Walter Rasquin 0-0: Called Strike
0-1: Foul Ball, location: 2F
0-2: Ball
1-2: Foul Ball, location: 2F
1-2: Ball
2-2: Strikes out looking
Batting: RHB Gilbert Lara 0-0: Called Strike
0-1: Ball
1-1: Foul Ball, location: 2F
1-2: Ball
2-2: Strikes out swinging
Batting: RHB Ramon Beltre 0-0: Ball
1-0: Ball
2-0: Ball
3-0: Called Strike
3-1: Swinging Strike
3-2: Ground out 6-3 (Groundball, 6, EV 83 MPH)
Bottom of the 3rd over - 0 runs, 0 hits, 0 errors, 0 left on base; Philadelphia 0 - Oakland 4
TOP OF THE 4TH
Philadelphia Phillies batting - Pitching for Oakland Athletics : LHP Kyle Ryan
Batting: RHB Maikel Franco 0-0: Ball
1-0: Foul Ball, location: 23F
1-1: Foul Ball, location: 2F
1-2: Ball
2-2: Strikes out swinging
Batting: RHB Ryan McBroom 0-0: Foul Ball, location: 2F
0-1: Foul Ball, location: 5FF
0-2: Ball
1-2: Ball
2-2: Foul Ball, location: 5FF
2-2: Ground out 5-3 (Groundball, 5S, EV 90 MPH)
Batting: RHB Michael Garnier 0-0: Called Strike
0-1: Swinging Strike
0-2: Ball
1-2: Foul Ball, location: 25FF
1-2: Fly out, F5 (Line Drive, 5L, EV 91 MPH)
Top of the 4th over - 0 runs, 0 hits, 0 errors, 0 left on base; Philadelphia 0 - Oakland 4
BOTTOM OF THE 4TH
Oakland Athletics batting - Pitching for Philadelphia Phillies : LHP Kevin Weber
Batting: SHB Arquimedes Gamboa 0-0: Swinging Strike
0-1: Ball
1-1: Swinging Strike
1-2: Strikes out swinging
Batting: RHB Phil Walker 0-0: Ball
1-0: Swinging Strike
1-1: Ball
2-1: Ground out 5-3 (Groundball, 56S, EV 57 MPH)
Batting: RHB Artie Breslin 0-0: Fly out, F5 (Popup, 5SF, EV 80 MPH)
Bottom of the 4th over - 0 runs, 0 hits, 0 errors, 0 left on base; Philadelphia 0 - Oakland 4
TOP OF THE 5TH
Philadelphia Phillies batting - Pitching for Oakland Athletics : LHP Kyle Ryan
Batting: LHB Jonas Lantigua 0-0: Ball
1-0: Ball
2-0: Called Strike
2-1: Foul Ball, location: 2F
2-2: Fly out, F4 (Line Drive, 4MD, EV 90 MPH)
Batting: RHB Jose Altuve 0-0: Fly out, F9 (Flyball, 89D, EV 100 MPH)
Batting: RHB Brandon Diaz 0-0: Ball
1-0: Called Strike
1-1: Ball
2-1: Ball
3-1: Called Strike
3-2: Foul Ball, location: 2F
3-2: Strikes out looking
Top of the 5th over - 0 runs, 0 hits, 0 errors, 0 left on base; Philadelphia 0 - Oakland 4
BOTTOM OF THE 5TH
Oakland Athletics batting - Pitching for Philadelphia Phillies : LHP Kevin Weber
Batting: RHB Jeremy Austin 0-0: Ball
1-0: Fly out, F8 (Line Drive, 8LD, EV 73 MPH)
Batting: RHB Chris Moody 0-0: Called Strike
0-1: SINGLE (Groundball, 3D, EV 109 MPH)
Batting: RHB Ricardo A. Rodriguez 0-0: Foul Ball, location: 2F
0-1: Foul Ball, location: 2F
0-2: Foul Ball, location: 2F
0-2: Strikes out looking
Batting: RHB Walter Rasquin 0-0: Ball
1-0: Swinging Strike
1-1: Fly out, F7 (Flyball, 7LM, EV 93 MPH)
Bottom of the 5th over - 0 runs, 1 hit, 0 errors, 1 left on base; Philadelphia 0 - Oakland 4
TOP OF THE 6TH
Philadelphia Phillies batting - Pitching for Oakland Athletics : LHP Kyle Ryan
Batting: LHB Ernesto Almirón 0-0: Foul Ball, location: 7LDF
0-1: Foul Ball, location: 2F
0-2: Foul Ball, location: 25F
0-2: Ground out 4-3 (Groundball, 34S, EV 75 MPH)
Batting: SHB Jose Colina 0-0: Swinging Strike
0-1: Foul Ball, location: 7LMF
0-2: Ball
1-2: Ball
2-2: Ball
3-2: Base on Balls
Batting: SHB Jose Patino 0-0: Ball
1-0: Foul Ball, location: 3SF
1-1: Ball
2-1: Foul Ball, location: 3F
2-2: Strikes out swinging
Batting: RHB Maikel Franco 0-0: Called Strike
0-1: Called Strike
0-2: Ball
1-2: Reached on error, E6 (Groundball, 6, EV 114 MPH)
Jose Colina to second
Pitching: RHP Vito Porchianelo
Batting: RHB Ryan McBroom 0-0: Called Strike
0-1: Foul Ball, location: 9LMF
0-2: Ball
1-2: Foul Ball, location: 25FF
1-2: Foul Ball, location: 2F
1-2: Ground out 5-3 (Groundball, 56S, EV 64 MPH)
Top of the 6th over - 0 runs, 0 hits, 1 error, 2 left on base; Philadelphia 0 - Oakland 4
BOTTOM OF THE 6TH
Oakland Athletics batting - Pitching for Philadelphia Phillies : LHP Kevin Weber
Batting: RHB Gilbert Lara 0-0: Ball
1-0: Foul Ball, location: 2F
1-1: Ball
2-1: Ball
3-1: Foul Ball, location: 9LDF
3-2: Strikes out swinging
Batting: RHB Ramon Beltre 0-0: Foul Ball, location: 2F
0-1: Ball
1-1: Ball
2-1: Ground out 1-3 (Groundball, P, EV 76 MPH)
Batting: SHB Arquimedes Gamboa 0-0: Foul Ball, location: 3DF
0-1: Called Strike
0-2: Ball
1-2: Foul Ball, location: 5F
1-2: Ball
2-2: Foul Ball, location: 3F
2-2: Fly out, F8 (Flyball, 8RD, EV 96 MPH)
Bottom of the 6th over - 0 runs, 0 hits, 0 errors, 0 left on base; Philadelphia 0 - Oakland 4
TOP OF THE 7TH
Philadelphia Phillies batting - Pitching for Oakland Athletics : RHP Vito Porchianelo
Batting: RHB Michael Garnier 0-0: Ground out 6-3 (Groundball, 6S, EV 88 MPH)
Batting: LHB Jonas Lantigua 0-0: Swinging Strike
0-1: Ball
1-1: Ball
2-1: Swinging Strike
2-2: Foul Ball, location: 9LMF
2-2: Foul Ball, location: 2F
2-2: Ball
3-2: Ground out 2-3 (Groundball, 13S, EV 55 MPH)
Batting: RHB Jose Altuve 0-0: Ball
1-0: Called Strike
1-1: Fly out, F8 (Line Drive, 8RD, EV 79 MPH)
Top of the 7th over - 0 runs, 0 hits, 0 errors, 0 left on base; Philadelphia 0 - Oakland 4
BOTTOM OF THE 7TH
Oakland Athletics batting - Pitching for Philadelphia Phillies : LHP Kevin Weber
Batting: RHB Phil Walker 0-0: Ball
1-0: Called Strike
1-1: Ball
2-1: Swinging Strike
2-2: Strikes out swinging
Batting: RHB Artie Breslin 0-0: Foul Ball, location: 2F
0-1: Ball
1-1: Swinging Strike
1-2: Foul Ball, location: 3F
1-2: Foul Ball, location: 3SF
1-2: Ground out 4-3 (Groundball, 4M, EV 70 MPH)
Batting: RHB Jeremy Austin 0-0: SINGLE (Groundball, 34D, EV 76 MPH)
Pitching: RHP Sean Patton
Batting: RHB Chris Moody 0-0: SINGLE (Flyball, 56D, EV 68 MPH)
Jeremy Austin to second
Batting: RHB Ricardo A. Rodriguez 0-0: Called Strike
0-1: Foul Ball, location: 5DF
0-2: Strikes out looking
Bottom of the 7th over - 0 runs, 2 hits, 0 errors, 2 left on base; Philadelphia 0 - Oakland 4
TOP OF THE 8TH
Philadelphia Phillies batting - Pitching for Oakland Athletics : RHP Vito Porchianelo
Pitching: RHP Bennie Middehof
Batting: RHB Brandon Diaz 0-0: Ball
1-0: Ball
2-0: Ball
3-0: Called Strike
3-1: Foul Ball, location: 5SF
3-2: Foul Ball, location: 5F
3-2: Foul Ball, location: 5F
3-2: Foul Ball, location: 9LDF
3-2: Ground out 4-3 (Groundball, 4M, EV 70 MPH)
Batting: LHB Ernesto Almirón 0-0: Foul Ball, location: 9LSF
0-1: SOLO HOME RUN (Flyball, 78XD, EV 94 MPH), Distance : 397 ft
Batting: SHB Jose Colina 0-0: Called Strike
0-1: Swinging Strike
0-2: Ball
1-2: Strikes out swinging
Batting: SHB Jose Patino 0-0: Ball
1-0: Foul Ball, location: 5F
1-1: Ground out U3 (Groundball, 34S, EV 75 MPH)
Top of the 8th over - 1 run, 1 hit, 0 errors, 0 left on base; Philadelphia 1 - Oakland 4
BOTTOM OF THE 8TH
Oakland Athletics batting - Pitching for Philadelphia Phillies : RHP Sean Patton
Batting: RHB Walter Rasquin 0-0: Swinging Strike
0-1: Swinging Strike
0-2: Ball
1-2: Ball
2-2: Ball
3-2: Base on Balls
Batting: RHB Gilbert Lara 0-0: Grounds into double play, 6-4-3 (Groundball, 6, EV 113 MPH)
Batting: RHB Ramon Beltre 0-0: Ball
1-0: Foul Ball, location: 3SF
1-1: Foul Ball, location: 2F
1-2: Foul Ball, location: 2RF
1-2: Ball
2-2: Fly out, F9 (Flyball, 9LD, EV 91 MPH)
Bottom of the 8th over - 0 runs, 0 hits, 0 errors, 0 left on base; Philadelphia 1 - Oakland 4
TOP OF THE 9TH
Philadelphia Phillies batting - Pitching for Oakland Athletics : RHP Bennie Middehof
Pitching: RHP Zach Davies
Batting: RHB Maikel Franco 0-0: Called Strike
0-1: Ball
1-1: Foul Ball, location: 2F
1-2: Ball
2-2: Ball
3-2: SINGLE (Line Drive, 78D, EV 101 MPH)
Batting: LHB Ivan Hakanson 0-0: Ball
1-0: Called Strike
1-1: Swinging Strike
1-2: SINGLE (Line Drive, 8LM, EV 85 MPH)
Maikel Franco to second
Batting: RHB Michael Garnier 0-0: Called Strike
0-1: Ball
1-1: Fly out, F7 (Line Drive, 7, EV 104 MPH)
Batting: LHB Jonas Lantigua 0-0: Ball
1-0: Called Strike
1-1: Foul Ball, location: 2F
1-2: Strikes out looking
Pinch Hitting: LHB Jake Turnbull 0-0: Called Strike
0-1: Fielders Choice at 2nd, 5-4 (Groundball, 5D, EV 83 MPH)
Top of the 9th over - 0 runs, 2 hits, 0 errors, 2 left on base; Philadelphia 1 - Oakland 4
Thursday, September 3rd , 2026 - OOTP Baseball 27.4 Build 76